 Dungeon Crawl Stone Soup version 0.29.1-1-gd02db6906a (webtiles) character file.

Game seed: 398090197983924764

3249 EvilAshe the Carver (level 9, -2/70 HPs)
             Began as a Minotaur Fighter on Sept 21, 2022.
             Was a Believer of Makhleb.
             Slain by a two-headed ogre
             ... wielding a +0 giant spiked club
              (18 damage)
             ... on level 8 of the Dungeon.
             The game lasted 00:20:14 (9629 turns).

EvilAshe the Carver (Minotaur Fighter)              Turns: 9629, Time: 00:20:15

Health: -2/70      AC: 19    Str: 25    XL:     9   Next: 67%
Magic:  8/8        EV:  7    Int:  5    God:    Makhleb [**....]
Gold:   251        SH:  4    Dex: 10    Spells: 8/8 levels left

rFire   . . .      SeeInvis .   a - +0 scimitar
rCold   . . .      Faith    .   c - +0 buckler
rNeg    . . .      Spirit   .   F - +1 plate armour
rPois   .          Reflect  .   (helmet restricted)
rElec   .          Harm     .   C - +2 cloak
rCorr   .          Rampage  .   (no gloves)
Will    .....                   (no boots)
Stlth   ..........              (no amulet)
HPRegen 0.21/turn               (no ring)
MPRegen 0.11/turn               (no ring)

@: about to teleport
A: horns 2, retaliatory headbutt
a: Renounce Religion, Minor Destruction


You were on level 8 of the Dungeon.
You worshipped Makhleb.
Makhleb was pleased with you.
You visited 2 branches of the dungeon, and saw 10 of its levels.

You collected 350 gold pieces.
You spent 99 gold pieces at shops.

Inventory:

Hand Weapons
 a - a +0 scimitar (weapon)
 b - the +9 sling "Xoumocyke" {flame, rCorr Int+3 Dex+3}
   (You found it on level 6 of the Dungeon)

   Any ammunition fired from it burns those it strikes, dealing additional fire
   damage.
   Int:       It affects your intelligence (+3).
   Dex:       It affects your dexterity (+3).
   rCorr:     It protects you from acid and corrosion.
 s - a +0 long sword
Missiles
 h - 118 stones
 y - 9 poisoned darts
 G - 5 boomerangs (quivered)
Armour
 c - a +0 buckler (worn)
 C - a +2 cloak (worn)
 F - a +1 plate armour (worn)
Jewellery
 f - the ring "Oboafu Alut" {Fire rElec rN+ Str-5 Stlth+}
   (You found it on level 3 of the Dungeon)

   [ring of fire]

   It enhances your fire magic.
   Str:       It affects your strength (-5).
   rF:        It protects you from fire.
   rC:        It makes you vulnerable to cold.
   rElec:     It insulates you from electricity.
   rN:        It protects you from negative energy.
   Stlth:     It makes you more stealthy.
 p - a ring of poison resistance
Wands
 q - a wand of flame (66)
 A - a wand of digging (4)
Scrolls
 e - 2 scrolls of fog
 j - 3 scrolls of immolation
 l - a scroll of vulnerability
 o - a scroll of enchant armour
 r - a scroll of enchant weapon {unknown}
 t - a scroll of fear {unknown}
 v - a scroll of summoning {unknown}
 w - a scroll of torment {unknown}
 x - 3 scrolls of teleportation
 B - a scroll of amnesia {unknown}
 E - a scroll of poison {unknown}
Potions
 d - a potion of might
 g - a potion of curing
 i - a potion of berserk rage
 k - 3 potions of flight
 m - 2 potions of attraction
 n - a potion of invisibility {unknown}
 u - 3 potions of haste
 z - 2 potions of magic
 D - a potion of ambrosia {unknown}


   Skills:
 - Level 3.6 Fighting
 * Level 13.4 Long Blades
 + Level 10.1 Armour
 - Level 3.6 Shields


You had 8 spell levels left.
You didn't know any spells.
Your spell library contained the following spells:

 Spells                   Type           Power      Damage    Failure   Level
 Gell's Gravitas          Tloc           0%         N/A       100%        3
 Teleport Other           Tloc           0%         N/A       100%        3
 Vampiric Draining        Necr           0%         2d6       100%        3
 Borgnjor's Vile Clutch   Necr/Erth      0%         N/A       100%        5
 Dispersal                Tloc           0%         N/A       100%        6
 Borgnjor's Revivificati  Necr           0%         N/A       100%        8
 Chain Lightning          Conj/Air       0%         N/A       100%        9
 Fire Storm               Conj/Fire      0%         5d1       100%        9
 Shatter                  Erth           0%         3d5*      100%        9


Dungeon Overview and Level Annotations

Branches:
Dungeon (9/15)             Temple (1/1) D:5
   Lair: D:8-11         Orc: D:9-12

Altars:
Ashenzari
Cheibriados
Dithmenos
Elyvilon
Fedhas
Gozag
Kikubaaqudgha
Makhleb
Nemelex Xobeh
Qazlal
Ru
Sif Muna
Trog
Wu Jian
Xom
Yredelemnul
Zin
The Shining One

Shops:
D:5 ?

Annotations:
D:6 3 runed translucent doors, EvilAshe's ghost, novice HuFi
D:8 Maggie; Maurice


Innate Abilities, Weirdness & Mutations

You have a pair of horns on your head.
You reflexively headbutt those who attack you in melee.


Message History

The centaur barely misses you.
The centaur kicks you but does no damage.
The centaur wields a +0 shortbow.
The centaur shoots an arrow.
The arrow barely misses you.
Maggie casts a spell.
Maggie attempts to bespell you!
You easily resist.
Your surroundings seem slightly different.
The centaur shoots an arrow.
You block the arrow.
Maggie says, "If you die in the Dungeon, but nobody's around to see it, does it really matter?"
Maggie points at you and mumbles some strange words.
The bolt of fire hits you!
* * * LOW HITPOINT WARNING * * *
The centaur shoots an arrow.
The arrow hits you but does no damage.
You feel better.
The centaur shoots an arrow.
The arrow barely misses you.
Maggie mumbles some strange words.
Maggie attempts to bespell you! You resist with almost no effort.
As you read the scroll of teleportation, it crumbles to dust.
You feel strangely unstable.
The centaur shoots an arrow.
The arrow barely misses you.
The centaur shoots an arrow.
The arrow hits you but does no damage.
The centaur shoots an arrow.
The arrow barely misses you.
Your surroundings suddenly seem different.
You hear a shout!
Something hits you but does no damage.
You are lethally poisoned!
* * * LOW HITPOINT WARNING * * *
You feel very sick.
* * * LOW HITPOINT WARNING * * *
You feel sick.
You hear some strange, mumbled words.
You feel better.
Maurice casts a spell.
Maurice blinks!
Maurice casts a spell.
Maurice puts on a burst of speed!
As you read the scroll of teleportation, it crumbles to dust.
You feel strangely unstable.
The two-headed ogre attacks as you move away!
The two-headed ogre hits you with a +0 giant spiked club!!
You die...

###).#....^
.....# ...
###..# O..
#..# ##.##
# #... ...
.# #.###
#.# ##.#
#.# #.# ...
#.#######.#
#...@..O@.#
###.#####.#
#.# ... #.#
##.# #.# .#
### . #
###########


You could see Maurice (swift) and a two-headed ogre.

Vanquished Creatures
  Pikel (D:6)
  Prince Ribbit (D:6)
  A water moccasin (D:6)
  Duvessa (D:6)
  An orc warrior (D:6)
  3 ice beasts (D:6)
  A sky beast (D:6)
  An ogre (D:4)
  2 centaurs
  A lemure (D:7)
  2 kobold brigands (D:7)
  Blork the orc (D:4)
  A bullfrog (D:7)
  2 scorpions
  8 wights
  Dowan (D:6)
  A killer bee (D:8)
  2 howler monkeys (D:6)
  3 hounds
  4 orc priests
  2 iguanas (D:7)
  A gnoll bouda (D:3)
  4 orc wizards
  10 adders
  8 gnolls
  3 shadow imps
  2 white imps
  4 worms
  4 dart slugs
  19 orcs
  5 ball pythons
  5 endoplasms
  A giant cockroach (D:2)
  2 goblins
  6 hobgoblins
  2 jackals (D:3)
  6 quokkas
  3 bats
  2 frilled lizards (D:2)
  23 kobolds
  6 rats
156 creatures vanquished.

Notes
Turn   | Place    | Note
-------+----------+-------------------------------------------
     0 | D:1      | EvilAshe the Minotaur Fighter began the quest for the Orb.
     0 | D:1      | Reached XP level 1. HP: 19/19 MP: 0/0
    92 | D:1      | Reached skill level 3 in Long Blades
   100 | D:1      | Reached XP level 2. HP: 16/26 MP: 1/1
   261 | D:1      | Got the Spellbook of Mortification
  1222 | D:2      | Reached XP level 3. HP: 31/31 MP: 2/2
  1318 | D:2      | Reached skill level 4 in Long Blades
  1853 | D:2      | Reached XP level 4. HP: 28/39 MP: 3/3
  2288 | D:3      | Found a basalt altar of Yredelemnul.
  2373 | D:3      | Reached skill level 5 in Long Blades
  2571 | D:3      | Reached XP level 5. HP: 29/45 MP: 4/4
  2917 | D:3      | Reached skill level 5 in Armour
  3110 | D:3      | Reached skill level 6 in Long Blades
  3119 | D:3      | You fall into a shaft and drop 2 floors!
  3119 | D:5      | Entered Level 5 of the Dungeon
  3119 | D:5      | Found a staircase to the Ecumenical Temple.
  3128 | Temple   | Entered the Ecumenical Temple
  3190 | Temple   | Became a worshipper of Makhleb the Destroyer
  3317 | D:6      | Noticed an ice beast
  3765 | D:3      | Identified the ring "Oboafu Alut" {Fire rElec rN+ Str-5
                  | Stlth+}
  4391 | D:4      | Noticed an ogre
  4477 | D:6      | Noticed a centaur
  4477 | D:6      | Noticed an ice beast
  4484 | D:5      | Killed a centaur
  4485 | D:5      | Reached XP level 6. HP: 38/51 MP: 5/5
  4654 | D:5      | Reached skill level 7 in Long Blades
  4817 | D:5      | Found a snail-covered altar of Cheibriados.
  5173 | D:4      | Noticed Blork the orc
  5190 | D:4      | Killed Blork the orc
  5421 | D:4      | Reached * piety under Makhleb
  5672 | D:4      | Reached skill level 8 in Long Blades
  5672 | D:4      | Reached XP level 7. HP: 57/57 MP: 6/6
  6134 | D:5      | Found Ytuwnu's Magic Scroll Boutique.
  6137 | D:5      | Bought a scroll of teleportation for 33 gold pieces
  6137 | D:5      | Bought a scroll of teleportation for 33 gold pieces
  6137 | D:5      | Bought a scroll of teleportation for 33 gold pieces
  6558 | D:6      | Reached skill level 9 in Long Blades
  6968 | D:6      | Reached XP level 8. HP: 56/61 MP: 7/7
  7084 | D:6      | Found a runed translucent gate.
  7084 | D:6      | Found a runed translucent gate.
  7085 | D:6      | Found a runed translucent gate.
  7086 | D:6      | Noticed EvilAshe's ghost (novice HuFi)
  7107 | D:6      | Noticed Duvessa
  7107 | D:6      | Noticed Dowan
  7139 | D:6      | Killed Duvessa
  7140 | D:6      | Reached skill level 10 in Long Blades
  7143 | D:6      | Killed Dowan
  7482 | D:6      | Reached skill level 11 in Long Blades
  7976 | D:6      | Reached ** piety under Makhleb
  8152 | D:6      | Noticed Prince Ribbit
  8168 | D:6      | Killed Prince Ribbit
  8169 | D:6      | Reached XP level 9. HP: 66/70 MP: 8/8
  8183 | D:6      | Identified the +9 sling "Xoumocyke" {flame, rCorr Int+3
                  | Dex+3}
  8212 | D:6      | Reached skill level 12 in Long Blades
  8411 | D:7      | Noticed Pikel
  8430 | D:6      | Killed Pikel
  8672 | D:7      | Found a glowing golden altar of the Shining One.
  8792 | D:7      | Reached skill level 13 in Long Blades
  8855 | D:7      | Found an ornate altar of the Wu Jian Council.
  9173 | D:7      | Reached skill level 10 in Armour
  9580 | D:8      | Found a white marble altar of Elyvilon.
  9580 | D:8      | Noticed Maurice
  9588 | D:8      | Noticed a two-headed ogre
  9604 | D:8      | Noticed Maggie
  9610 | D:8      | HP: 3/70 [Maggie/bolt of fire (12)]
  9629 | D:8      | Slain by a two-headed ogre

Illustrated notes

Levels and vault maps discovered:
D:1:      lightli_arrival_noodles, layout_loops_ring
D:2:      layout_basic, grunt_ministairs_9
D:3:      layout_loops_ring, mainiacjoe_overflow_alcove_1
D:4:      layout_gridville, uniq_blork_the_orc
D:5:      layout_basic, lemuel_doored_altar, minmay_temple_entry_junction,
          serial_shops, kennysheep_mini_moat
D:6:      layout_rooms, ebering_ghost_rock_garden, uniq_prince_ribbit1,
          uniq_duvessa
D:7:      layout_basic, nzn_wu_jian_contemplation,
          mainiacjoe_overflow_cross_hatched, uniq_pikel
D:8:      layout_loops_ring, old_standard_altar,
          nicolae_hepliaklqana_monster_ancestors, david_lair_shrubbed,
          kennysheep_big_empty_room, uniq_maurice, uniq_maggie
D:9:      layout_loops_corners, grunt_temple_overflow_open, orc_0_dummy,
          gammafunk_ghost_ooze
Temple:   nicolae_temple_bog_church

Skill      XL: |  1  2  3  4  5  6  7  8  9 |
---------------+----------------------------+-----
Long Blades    | 3 4 5 6 8 9 11 13 | 13.4
Armour         | 4 5 6 7 9 10 | 10.1
Fighting       | |  3.6
Shields        | |  3.6

Action                   |  1- 3 |  4- 6 |  7- 9 || total
-------------------------+-------+-------+-------++-------
Melee: Long sword        |   104 |   139 |       ||   243
       Headbutt          |    11 |    28 |    44 ||    83
       Scimitar          |       |    25 |   260 ||   285
 Fire: Sling             |       |       |     5 ||     5
Throw: Dart              |       |     4 |     2 ||     6
       Stone             |       |     2 |       ||     2
       Boomerang         |       |       |    13 ||    13
Evoke: Wand              |       |       |     7 ||     7
  Use: Scroll            |       |     5 |    10 ||    15
       Potion            |       |     1 |     3 ||     4
Armor: Scale mail        |    44 |    35 |       ||    79
       Chain mail        |       |    26 |    87 ||   113
       Plate armour      |       |       |    63 ||    63
Dodge: Dodged            |    40 |    59 |    81 ||   180
Block: Buckler           |    20 |    36 |    46 ||   102
